 Dungeon Crawl Stone Soup version 0.31-a0-1082-g7d1fb776a8 (webtiles) character file.

Game seed: 12958804815974608665

1818 kurt the Spear-Bearer (level 8, -1/71 HPs)
             Began as a Minotaur Fighter on Nov 26, 2023.
             Was a Priest of Wu Jian.
             Slain by Maurice
             ... wielding a +3 short sword of electrocution
              (16 damage)
             ... on level 6 of the Dungeon on Nov 27, 2023.
             The game lasted 01:45:21 (7110 turns).

kurt the Spear-Bearer (Minotaur Fighter)            Turns: 7110, Time: 01:45:21

Health: -1/71      AC: 12    Str: 22    XL:     8   Next: 85%
Magic:  5/7        EV: 17    Int:  5    God:    Wu Jian [***...]
Gold:   0          SH:  0    Dex: 11    Spells: 6/7 levels left

rFire   + . .        b - +3 falchion (freeze)
rCold   . . .        c - +0 buckler
rNeg    . . .        M - +2 ring mail {rF+}
rPois   .            (helmet restricted)
rElec   .            (no cloak)
rCorr   .            (no gloves)
SInv    .            (no boots)
Will    .....        j - amulet of regeneration Stlth
                     D - +4 ring of protection
HPRegen 1.11/turn    n - +5 ring of evasion
MPRegen 0.10/turn

%: no passive effects
@: confused, serpent's lash
A: horns 2, retaliatory headbutt
a: Renounce Religion, Wall Jump, Serpent's Lash


You were on level 6 of the Dungeon.
You worshipped Wu Jian.
Wu Jian was most pleased with you.
You visited 1 branch of the dungeon, and saw 7 of its levels.

Inventory:

Hand Weapons
 b - a +3 falchion of freezing (weapon)
 q - a +3 great sword of venom
 t - a +4 long sword of freezing
 P - a +2 heavy spear
Missiles
 e - 71 stones
 r - 2 throwing nets
 s - 3 boomerangs
 u - 3 poisoned darts
Armour
 c - a +0 buckler (worn)
 M - a +2 ring mail of fire resistance (worn)
Jewellery
 j - an amulet of regeneration (around neck)
 l - a ring of fire
 n - a +5 ring of evasion (right hand)
 D - a +4 ring of protection (left hand)
Wands
 h - a wand of charming (7)
 B - a wand of quicksilver (6)
Scrolls
 a - a scroll of revelation
 m - 3 scrolls of identify
 y - a scroll of teleportation
 z - a scroll of noise
 H - 2 scrolls of immolation
 N - a scroll of silence
Potions
 d - a potion of might
 f - a potion of lignification {unknown}
 k - a potion of degeneration {unknown}
 E - 2 potions of heal wounds {unknown}
 I - a potion of brilliance {unknown}
 K - a potion of mutation {unknown}
 L - a potion of curing {unknown}
 X - 2 potions of haste {unknown}


   Skills:
 + Level 6.3 Fighting
 + Level 2.0 Maces & Flails
 + Level 8.4 Polearms
 + Level 0.2 Throwing
 + Level 7.1 Armour
 + Level 4.1 Dodging
 + Level 0.8 Stealth
 + Level 6.0 Shields
 + Level 0.1 Spellcasting
 + Level 0.1 Ice Magic
 + Level 0.4 Evocations


You had 6 spell levels left.
You knew the following spells:

 Your Spells              Type           Power      Damage    Failure   Level
a - Freeze                Ice            0%         1d3       65%         1

Your spell library contained the following spells:

 Spells                   Type           Power      Damage    Failure   Level
 Kiss of Death            Conj/Necr      0%         2d5       67%         1
 Frozen Ramparts          Ice            0%         1d1       95%         3
 Hailstorm                Conj/Ice       0%         3d3       95%         3
 Confusing Touch          Hex            0%         N/A       96%         3
 Dazzling Flash           Conj/Hex       0%         N/A       96%         3
 Volatile Blastmotes      Fire/Tloc      0%         2d10      96%         3
 Dispel Undead            Necr           0%         3d6       100%        4
 Starburst                Conj/Fire      0%         6d3       100%        6
 Maxwell's Capacitive Co  Air            0%         ∞         100%        8


Dungeon Overview and Level Annotations

Branches:
Dungeon (7/15)
 Temple: D:4-7

Altars:
Nemelex Xobeh
Wu Jian
Xom

Shops:
D:2 =   D:5 :

Annotations:
D:7 Maurice


Innate Abilities, Weirdness & Mutations

You have a pair of horns on your head.
You reflexively headbutt those who attack you in melee.


Message History

Reactivating autopickup.
There is a stone staircase leading down here.
You closely miss the ufetubus. Your headbutt misses the ufetubus.
The ufetubus misses you. The ufetubus barely misses you.
The ufetubus completely misses you. The ufetubus hits you.
The ufetubus misses you. x2; Something hits you!
Something steals 32 gold pieces!
You now have 293 gold pieces.
Deactivating autopickup; reactivate with Ctrl-A.
Something bites you but does no damage. The orc barely misses you. x2
You hear some strange, mumbled words.
A magic dart appears from out of thin air!
The magic dart hits you! Something hits you. The ufetubus closely misses you.
The ufetubus completely misses you.
You barely miss the orc. You headbutt the orc!
You kill the orc!
The Council accepts your kill. The ufetubus closely misses you.
The ufetubus misses you.
You hear some strange, mumbled words.
A puff of flame appears from out of thin air!
The puff of flame misses you.
The puff of flame hits something!
Something hits you.
* * * LOW HITPOINT WARNING * * *
Something steals 293 gold pieces!
You now have 0 gold pieces.
Something closely misses you. The ufetubus closely misses you.
The ufetubus hits you but does no damage.
The orc misses you.
You hear some strange, mumbled words.
A puff of flame appears from out of thin air!
The puff of flame hits you but does no damage.
You resist.
The ufetubus hits you but does no damage.
The ufetubus barely misses you. The orc misses you.
Something barely misses you. The ufetubus closely misses you.
The ufetubus misses you. Something hits you.
* * * LOW HITPOINT WARNING * * *
Something hits you.
* * * LOW HITPOINT WARNING * * *
Something grunts, "Curses!"
You are electrocuted!
You die...

.......# #........#..#.#<..#.#.
.......# #........#.....##.#.#.
..)....# #........#.....##.#.#.
.......# #........'.....##.#.#.
.....### #........#.#...##.#.#.
..)..# #........#.'......#.#.
.....#######..........#....#.....
.....##........{o{....#....###.##
#######........5@5....#....# #...
...............)......####.######
.##.......######'#'##### #.......
.##.......# #........##########
......##### #........'...#
......# #........###.# ......#
##.#.......#.###### ......#
#.#.####.......... ......# ######
#.#.#.............


You could see 2 ufetubi and an orc.

Vanquished Creatures
  The ghost of martbhell the Chopper, an amateur MiBe of Trog (D:3)
  3 black bears
  2 ogres (D:5)
  A centaur (D:5)
  A phantom (D:6)
  A bullfrog (D:6)
  2 scorpions
  5 wights (D:6)
  5 hounds
  An orc priest (D:3)
  2 water moccasin simulacra (D:3)
  A sleepcap (D:5)
  An iguana (D:5)
  Natasha (thrice) (D:2)
  3 orc wizards
  Robin (D:2)
  4 gnolls (D:4)
  8 adders
  2 white imps (D:5)
  2 adder zombies (D:2)
  An adder skeleton (D:2)
  3 worms
  2 adder simulacra (D:3)
  2 dart slugs
  16 orcs
  6 ball pythons
  3 bats
  2 endoplasms (D:1)
  A giant cockroach (D:4)
  8 hobgoblins
  4 jackals (D:1)
  5 quokkas
  3 frilled lizards
  14 goblins
  A jackal simulacrum (D:3)
  8 kobolds
  2 rats
130 creatures vanquished.

Notes
Turn   | Place    | Note
-------+----------+-------------------------------------------
     0 | D:1      | kurt the Minotaur Fighter began the quest for the Orb.
     0 | D:1      | Reached XP level 1. HP: 19/19 MP: 0/0
    66 | D:1      | Found a faded altar of an unknown god.
    99 | D:1      | Reached XP level 2. HP: 27/27 MP: 1/1
   134 | D:1      | Prayed at the altar of an unknown god.
   134 | D:1      | Became a worshipper of the Wu Jian Council
   134 | D:1      | Reached * piety under Wu Jian
   387 | D:1      | Learned a level 1 spell: Freeze
   873 | D:2      | Reached XP level 3. HP: 33/33 MP: 2/2
  1205 | D:2      | Found Cyem's Jewellery Shop.
  1341 | D:2      | Reached ** piety under Wu Jian
  1354 | D:2      | Noticed Natasha
  1367 | D:2      | Killed Natasha
  1368 | D:2      | Reached XP level 4. HP: 38/40 MP: 3/3
  1412 | D:2      | Reached skill level 3 in Polearms
  1473 | D:2      | Reached skill level 5 in Armour
  1684 | D:2      | Noticed Robin
  1691 | D:2      | Killed Robin
  1991 | D:2      | Noticed Natasha
  2002 | D:2      | Killed Natasha
  2003 | D:2      | Reached XP level 5. HP: 41/46 MP: 4/4
  2005 | D:2      | Noticed Natasha
  2015 | D:2      | Killed Natasha
  2016 | D:2      | Reached skill level 4 in Polearms
  2481 | D:3      | Found a runed translucent gate.
  2481 | D:3      | Found a runed translucent gate.
  2481 | D:3      | Found a runed translucent gate.
  2533 | D:3      | Noticed martbhell's ghost (amateur MiBe)
  2546 | D:3      | Killed martbhell's ghost
  2546 | D:3      | Reached *** piety under Wu Jian
  2547 | D:3      | Reached skill level 5 in Polearms
  2547 | D:3      | Reached XP level 6. HP: 34/53 MP: 5/5
  2952 | D:3      | Reached skill level 1 in Dodging
  3133 | D:3      | Found a shimmering altar of Xom.
  3722 | D:4      | Reached skill level 5 in Fighting
  3777 | D:4      | Identified the +1 robe "Duyq" {*Corrode rF+ rN+}
  4064 | D:4      | Reached skill level 6 in Polearms
  4064 | D:4      | Reached XP level 7. HP: 61/61 MP: 6/6
  4619 | D:5      | Entered Level 5 of the Dungeon
  4694 | D:5      | Found Sagijiri's Vocational Training.
  4765 | D:5      | Found a sparkling altar of Nemelex Xobeh.
  4765 | D:5      | Found a transporter.
  4766 | D:5      | Noticed a troll
  4957 | D:5      | Reached skill level 5 in Shields
  5162 | D:5      | Reached skill level 1 in Maces & Flails
  5551 | D:5      | Reached skill level 7 in Polearms
  5733 | D:5      | Reached XP level 8. HP: 70/70 MP: 7/7
  5866 | D:5      | Upgraded the game from 0.31-a0-1072-g202bf7ea07 to
                  | 0.31-a0-1082-g7d1fb776a8
  6298 | D:6      | Found an ornate altar of the Wu Jian Council.
  6737 | D:6      | Reached skill level 8 in Polearms
  7096 | D:7      | Noticed Maurice
  7102 | D:7      | Something stole a +6 halberd
  7103 | D:7      | Something stole a ring of wizardry
  7104 | D:7      | Something stole 6 poisoned darts
  7109 | D:6      | Something stole 32 gold
  7110 | D:6      | Something stole 293 gold
  7110 | D:6      | Slain by Maurice

Illustrated notes

Levels and vault maps discovered:
D:1:      minmay_arrival_jagged, layout_rooms,
          hellmonk_ecumenical_altar_dog_temple, nrook_uturn
D:2:      layout_basic, serial_shops, shop, serial_undead, serial_undead_c,
          serial_undead_b, serial_undead_f, serial_undead_c, uniq_natasha,
          uniq_robin
D:3:      layout_loops_ring, general_overflow_altar, gammafunk_ghost_icy,
          hangedman_decor_growths
D:4:      layout_layer_cave
D:5:      layout_loops_corners, grunt_nemelex_the_gamble,
          nicolae_shop_vocational
D:6:      layout_basic, nzn_wu_jian_contemplation
D:7:      layout_cave_pools, temple_statues, chequers_serial_rivers_room_b,
          uniq_maurice, uniq_jeremiah

Skill      XL: |  1  2  3  4  5  6  7  8 |
---------------+-------------------------+-----
Shields        | 4 5 6 |  6.0
Armour         | 4 5 6 7 |  7.1
Fighting       | 4 5 6 |  6.3
Polearms       | 3 5 6 7 8 |  8.4
Dodging        | 1 2 4 |  4.1
Maces & Flails | 1 2 |  2.0
Throwing       | |  0.2
Stealth        | |  0.8
Spellcasting   | |  0.1
Ice Magic      | |  0.1
Evocations     | |  0.4

Action                     |  1- 3 |  4- 6 |  7- 9 || total
---------------------------+-------+-------+-------++-------
  Melee: Trident           |   111 |   152 |       ||   263
         Headbutt          |    20 |    16 |    19 ||    55
         Mace              |       |     9 |    26 ||    35
         Spear             |       |       |    77 ||    77
         Falchion          |       |       |    10 ||    10
  Throw: Boomerang         |       |       |     2 ||     2
         Stone             |       |       |     1 ||     1
         Throwing net      |       |       |     1 ||     1
   Cast: Freeze            |     1 |       |       ||     1
 Invoke: Serpent's Lash    |       |       |     2 ||     2
Ability: Whirlwind         |     9 |    11 |     2 ||    22
         Lunge             |     6 |    14 |     9 ||    29
  Evoke: Wand              |       |       |     5 ||     5
    Use: Scroll            |       |     1 |     9 ||    10
 Armour: Scale mail        |    61 |   124 |    17 ||   202
         Ring mail         |       |       |    85 ||    85
         Skin              |       |       |    11 ||    11
  Dodge: Dodged            |    41 |    58 |   181 ||   280
  Block: Buckler           |    15 |    34 |    25 ||    74

Table legend: (Time is in decaauts)
 A = Elapsed time spent in this place.
 B = Non-inter-level travel time spent in this place.
 C = Inter-level travel time spent in this place.
 D = Time resting spent in this place.
 E = Time spent auto-exploring this place.
 F = Levels seen in this place.
 G = Mean time per level.
                   A        B        C        D        E       F      G
               +--------+--------+--------+--------+--------+-----+--------+
         Total |   7199 |   7199 |      0 |    162 |    633 |   7 | 1028.4 |
       Dungeon |   7199 |   7199 |      0 |    162 |    633 |   7 | 1028.4 |
               +--------+--------+--------+--------+--------+-----+--------+

Top non-repeatable levels by time:
     D:2: 1353 daAuts
     D:5: 1341 daAuts
     D:3: 1251 daAuts
     D:6: 1151 daAuts
     D:4: 1133 daAuts
     D:1: 954 daAuts
     D:7: 14 daAuts
